 Dungeon Crawl Stone Soup version 0.25-a0-781-gc44aebf4fe (webtiles) character file.

Game seed: 16289751762982167988, levelgen mode: deterministic

2021 Error4North the Blocker (level 9, -2/78 HPs)
             Began as a Hill Orc Fighter on Apr 15, 2020.
             Killed from afar by an orc wizard (5 damage)
             ... with a magic dart
             ... on level 7 of the Dungeon.
             The game lasted 00:17:21 (5905 turns).

Error4North the Blocker (Hill Orc Fighter)          Turns: 5905, Time: 00:17:22

Health: -2/78      AC: 11    Str: 20 (22) XL:     9   Next: 23%
Magic:  9/9        EV:  5    Int:  5 (8)  God:
Gold:   323        SH: 16    Dex:  9 (10) Spells: 8/8 levels left

rFire    . . .     SeeInvis +   a - +1 war axe
rCold    + . .     Gourm    .   e - +0 tower shield
rNeg     . . .     Faith    .   q - +0 chain mail
rPois    .         Spirit   .   (no helmet)
rElec    .         Reflect  .   (no cloak)
rCorr    .         Harm     .   (no gloves)
MR       .....                  h - +0 pair of boots
Stlth    ..........             (no amulet)
HPRegen  0.23/turn              r - ring of see invisible
MPRegen  0.11/turn              s - ring of protection from cold

@: berserk cooldown, very slightly contaminated, invisible
A: no striking features
a: no special abilities


You were on level 7 of the Dungeon.
You were hungry.

You visited 2 branches of the dungeon, and saw 8 of its levels.

You collected 323 gold pieces.

Inventory:

Hand Weapons
 a - a +1 war axe (weapon)
Armour
 e - a +0 tower shield (worn)
 h - a +0 pair of boots (worn)
 q - a +0 chain mail (worn)
Jewellery
 r - a ring of see invisible (left hand)
 s - a ring of protection from cold (right hand)
 u - a +3 ring of dexterity {unknown}
Wands
 b - a wand of paralysis (5)
 o - a wand of polymorph (6)
Scrolls
 c - 2 scrolls of teleportation
 j - a scroll of identify
 k - 2 scrolls of immolation
 l - 3 scrolls of remove curse {unknown}
 m - 2 scrolls of random uselessness {unknown}
 p - 2 scrolls of amnesia {unknown}
Potions
 d - 4 potions of might
Comestibles
 f - 13 rations
 i - a chunk of flesh


   Skills:
 * Level 6.9 Fighting
 + Level 8.1 Axes
 * Level 6.1 Armour
 + Level 1.2 Dodging
 + Level 0.4 Stealth
 * Level 8.6 Shields


You had 8 spell levels left.
You didn't know any spells.
Your spell library contained the following spells:

 Spells                   Type           Power        Failure   Level  Hunger
 Magic Dart               Conj           #...         100%        1    ##.....
 Blink                    Tloc           N/A          100%        2    ###....
 Call Imp                 Summ           #.......     100%        2    ###....
 Slow                     Hex            #.......     100%        2    ###....
 Conjure Flame            Conj/Fire      #.......     100%        3    ####...
 Mephitic Cloud           Conj/Pois/Air  #.......     100%        3    ####...


Dungeon Overview and Level Annotations

Branches:
Dungeon (7/15)             Temple (1/1) D:4

Altars:
Ashenzari
Dithmenos
Elyvilon
Fedhas
Gozag
Hepliaklqana
Kikubaaqudgha
Makhleb
Nemelex Xobeh
Qazlal
Trog
Uskayaw
Vehumet
Wu Jian
Xom
Zin
The Shining One

Shops:
D:2 *   D:5 :

Annotations:
D:3 1 runed translucent door, zkyp's ghost, amateur KoSk


Message History

The phantom hits you.
* * * LOW HITPOINT WARNING * * *
You fade into invisibility!
The orc wizard casts a spell at you.
The magic dart hits the orc priest but does no damage.
The phantom hits you!
* * * LOW HITPOINT WARNING * * *
The phantom blinks!
You are very lightly contaminated with residual magic.
The orc wizard gestures at something while chanting.
You easily resist.
The orc wizard casts a spell at something.
The magic dart hits you but does no damage.
The orc wizard casts a spell at something.
The magic dart hits you.
* * * LOW HITPOINT WARNING * * *
Okay, then.
The orc wizard points at something and mumbles some strange words.
The magic dart hits you.
You die...

.##... ##..#.## .##.( ##....##
.## #.....## ..####
###########.#...#
.....###.........#.....#
......##.........##....###
.###.............###.#...#####
.###.##.............÷........#
o.........o.o...@.#..........#
.........#######..#..........#
##.....###.....##.#..........#
.##...##...≈≈≈..#............#
.....=....≈§≈≈≈.#............#
.##...##...≈≈≈.(#............#
##.....###.§...##..###########
.........#######...#
....#..............#


You could see an orc priest and an orc wizard.

Vanquished Creatures
  2 sky beasts (D:6)
  An orc warrior (D:6)
  A necrophage (D:4)
  A black bear (D:6)
  2 big kobolds (D:3)
  A bullfrog (D:6)
  A scorpion (D:4)
  A water moccasin skeleton (D:6)
  6 killer bees (D:7)
  A howler monkey (D:6)
  A crimson imp (D:7)
  A bullfrog skeleton (D:4)
  3 hounds
  4 orc priests
  A jelly (D:5)
  7 orc wizards
  Terence (D:2)
  5 worker ants
  A hound zombie (D:5)
  A hound skeleton (D:5)
  8 adders
  7 gnolls
  A shadow imp (D:6)
  A white imp (D:7)
  An adder skeleton (D:4)
  An adder zombie (D:5)
  3 worms
  3 dart slugs
  4 leopard geckos
  19 orcs
  4 bats
  3 giant cockroaches (D:4)
  4 goblins
  7 hobgoblins
  9 jackals
  5 quokkas
  3 ball pythons (D:4)
  5 frilled lizards
  A giant cockroach zombie (D:5)
  11 kobolds
  A leopard gecko skeleton (D:5)
  12 rats
155 creatures vanquished.

Notes
Turn   | Place    | Note
-------+----------+-------------------------------------------
     0 | D:1      | Error4North the Hill Orc Fighter began the quest for the
                  | Orb.
     0 | D:1      | Reached XP level 1. HP: 19/19 MP: 1/1
   202 | D:1      | Reached XP level 2. HP: 27/27 MP: 2/2
   628 | D:2      | Reached XP level 3. HP: 14/33 MP: 3/3
  1047 | D:2      | Found Gozag's Platinum Reserve.
  1081 | D:2      | Found an opulent altar of Gozag.
  1087 | D:2      | Noticed Terence
  1098 | D:2      | Killed Terence
  1098 | D:2      | Reached XP level 4. HP: 40/40 MP: 4/4
  1173 | D:2      | Found a radiant altar of Vehumet.
  1893 | D:3      | Found a runed translucent door.
  1896 | D:3      | Noticed zkyp's ghost (amateur KoSk)
  1940 | D:3      | Reached XP level 5. HP: 36/47 MP: 5/5
  2033 | D:3      | Noticed a big kobold
  2040 | D:3      | Noticed a big kobold
  2046 | D:3      | Killed a big kobold
  2046 | D:3      | Reached skill level 5 in Shields
  2064 | D:3      | Killed a big kobold
  2064 | D:3      | Reached XP level 6. HP: 35/55 MP: 6/6
  2452 | D:3      | Found a white marble altar of Elyvilon.
  2464 | D:3      | Reached skill level 5 in Fighting
  2849 | D:4      | Reached XP level 7. HP: 41/61 MP: 7/7
  3021 | D:4      | Found a staircase to the Ecumenical Temple.
  3031 | Temple   | Entered the Ecumenical Temple
  3229 | D:4      | Found a shattered altar of Ashenzari.
  3288 | D:4      | Reached skill level 5 in Axes
  3516 | D:4      | Reached skill level 1 in Dodging
  3848 | D:5      | Entered Level 5 of the Dungeon
  3997 | D:5      | Found Lusoyx's Book Shoppe.
  4002 | D:5      | Reached XP level 8. HP: 69/69 MP: 8/8
  4069 | D:5      | Reached skill level 5 in Armour
  4355 | D:5      | Found an ornate altar of the Wu Jian Council.
  5211 | D:6      | Found a shimmering altar of Xom.
  5212 | D:6      | Found a sparkling altar of Nemelex Xobeh.
  5687 | D:6      | Reached XP level 9. HP: 64/78 MP: 9/9
  5688 | D:6      | Found a bloodstained altar of Trog.
  5899 | D:7      | HP: 2/78 [orc wizard/magic dart (6)]
  5905 | D:7      | Killed from afar by an orc wizard

Levels and vault maps discovered:
D:1:      evilmike_arrival_crescent, layout_basic, minmay_close_crescents
D:2:      wad_crossroads, layout_loops_corners, vehumet_crystals,
          nicolae_gozag_zags_fifth_avenue, uniq_terence
D:3:      cheibrodos_thug_alley, layout_basic, old_standard_altar,
          hellmonk_ghost_happy_afterlife
D:4:      layout_basic, ashenzari_conservatory_becter, temple_pool_b,
          first_ration
D:5:      lemuel_ice_spiral_2, layout_basic, marbit_many_paths, serial_shops,
          nicolae_shop_competitors_out_of_business
D:6:      layout_loops_ring, nicolae_overflow_hidden_temple
D:7:      layout_rooms, lemuel_doored_altar, minmay_fire_ice_demons
Temple:   kb_temple_of_zot

Skill      XL: |  1  2  3  4  5  6  7  8  9 |
---------------+----------------------------+-----
Fighting       | 4 5 6 |  6.9
Shields        | 4 5 7 8 |  8.6
Axes           | 3 4 5 7 8 |  8.1
Armour         | 4 5 6 |  6.1
Dodging        | 1 |  1.2
Stealth        | |  0.4

Action                   |  1- 3 |  4- 6 |  7- 9 || total
-------------------------+-------+-------+-------++-------
Melee: War axe           |    95 |   182 |   300 ||   577
  Use: Potion            |       |     3 |     5 ||     8
       Scroll            |       |       |     7 ||     7
 Stab: Invisible         |       |     1 |       ||     1
  Eat: Chunk             |     1 |     5 |     7 ||    13
       Ration            |       |       |     1 ||     1
Armor: Scale mail        |    39 |    79 |    40 ||   158
       Chain mail        |       |       |   107 ||   107
Dodge: Dodged            |    13 |    38 |    46 ||    97
Block: Tower shield      |    67 |   181 |   290 ||   538

Table legend:
 A = Non-vault XP
 B = Vault XP
 C = Vault XP percentage of total XP
 D = Non-vault monster count
 E = Vault monster count
 F = Vault count percentage of total count
                 A         B        C        D         E       F
            +---------+---------+-------+---------+---------+-------
      Total |    2560 |     328 |  11.4 |     134 |      21 |  13.5
            +---------+---------+-------+---------+---------+-------
        D:1 |      19 |       5 |  20.8 |      10 |       3 |  23.1
        D:2 |      78 |      57 |  42.2 |      18 |       5 |  21.7
        D:3 |     182 |     206 |  53.1 |      25 |      11 |  30.6
        D:4 |     569 |       0 |   0.0 |      25 |       0 |   0.0
        D:5 |     346 |       0 |   0.0 |      22 |       0 |   0.0
        D:6 |     938 |       0 |   0.0 |      25 |       0 |   0.0
        D:7 |     428 |      60 |  12.3 |       9 |       2 |  18.2
            +---------+---------+-------+---------+---------+-------
